 Dungeon Crawl Stone Soup version 0.20.1-1-g8b1a95d (webtiles) character file.

370 Flubber the Stinger (level 6, -1/36 HPs)
             Began as an Octopode Venom Mage on Oct 19, 2017.
             Slain by a phantom (7 damage)
             ... on level 4 of the Dungeon.
             The game lasted 00:14:03 (3059 turns).

Flubber the Stinger (Octopode Venom Mage)           Turns: 3059, Time: 00:14:04

Health: -1/36      AC:  1    Str:  5      XL:     6   Next: 70%
Magic:  1/10       EV: 14    Int: 18 (20) God:
Gold:   89         SH:  0    Dex: 12      Spells: 7/11 levels left

rFire    . . .     SeeInvis .   j - +3 short sword
rCold    + . .     Gourm    .   (no shield)
rNeg     . . .     Faith    .   (helmet restricted)
rPois    +         Spirit   .   (no amulet)
rElec    .         Reflect  .   i - ring of flight
rCorr    .         Harm     .   (no ring)
MR       .....                  (no ring)
Stlth    +++.......             (no ring)
Regen    0.2/turn               (no ring)
MPRegen  0.2/turn               (no ring)
                                (no ring)
                                (no ring)

@: flying
A: almost no armour, stealthy swim, amphibious, 8 rings, constrict 8, camouflage
1, cold resistance 1, poison resistance, screaming 1, weak 1, gelatinous body 1
a: no special abilities


You were on level 4 of the Dungeon.
You were not hungry.

You visited 1 branch of the dungeon, and saw 4 of its levels.

You collected 89 gold pieces.

Inventory:

Hand Weapons
 d - a +0 dagger
 j - a +3 short sword (weapon)
 k - a +1 short sword of speed
Jewellery
 i - a ring of flight (left tentacle)
Scrolls
 e - 2 scrolls of remove curse
 h - 2 scrolls of identify
Books
 a - a Young Poisoner's Handbook

   Spells                             Type                      Level
   a - Sting                          Conjuration/Poison           1
   b - Poisonous Vapours              Poison/Air                   2
   c - Mephitic Cloud                 Conjuration/Poison/Air       3
   d - Olgreb's Toxic Radiance        Poison                       4
   e - Venom Bolt                     Conjuration/Poison           5
Comestibles
 b - 4 bread rations
 c - 9 fruits
 f - 3 chunks of flesh
 l - a royal jelly


   Skills:
 - Level 3.0 Dodging
 - Level 3.0 Stealth
 - Level 3.0 Spellcasting
 + Level 3.3 Conjurations
 + Level 2.4 Air Magic
 - Level 4.2 Poison Magic
 + Level 2.9 Evocations


You had 7 spell levels left.
You knew the following spells:

 Your Spells              Type           Power        Failure   Level  Hunger
a - Sting                 Conj/Pois      ###.         3%          1    None
b - Mephitic Cloud        Conj/Pois/Air  ##......     12%         3    ###....


Dungeon Overview and Level Annotations

Branches:
Dungeon (4/15)
 Temple: D:4-7

Altars:
Ashenzari
Dithmenos

Annotations:
D:3 Flubber's ghost, amateur OpVM


Innate Abilities, Weirdness & Mutations

You cannot wear most types of armour.
You are very stealthy in the water. (Stealth+)
You are amphibious.
You can wear up to eight rings at the same time.
You can use your tentacles to constrict eight enemies at once.
Your skin changes colour to match your surroundings (Stealth+).
Your rubbery body absorbs attacks. (AC +1, EV +1)
Your flesh is cold resistant. (rC+)
Your system is resistant to poisons. (rPois)
You occasionally shout uncontrollably at your foes.
You are weak. (Str -2)


Message History

Casting: Sting
Confirm with . or Enter, or press ? or * to list all spells.
Aiming: Sting
Press: ? - help, Shift-Dir - straight line, f/p - orc wizard
Aim: an orc wizard, wielding a dagger and wearing a robe (moderately wounded, fast, poisoned)
The sting hits the orc wizard.
The orc wizard looks even sicker.
The orc wizard is moderately wounded.
The orc wizard gestures wildly while chanting.
The orc wizard blinks!
The orc wizard barely misses you.
The phantom blinks!
The orc wizard hits you with a dagger.
* * * LOW HITPOINT WARNING * * *
You feel very buoyant.
You fly up into the air.
The orc wizard barely misses you.
You hit the orc wizard. You grab the orc wizard. You squeeze the orc wizard.
You kill the orc wizard!
You closely miss the phantom.
The phantom is lightly damaged.
The phantom hits you!
You die...

..###..# #.# #.#
#.# #..# #.# #.#
#.# #..# #.# ##.##
#.# #..#
#.####.<.######..
#.# #..
#.#..............
#.###..#
#.#.##...######..
...oo..# #.#.###.##
#.###.#####.#.###)#
#.. .>.)......W@.#
..## ########.#####
... #†# #.# #.. #.#
.... #.# ####. .# .
.


You could see a phantom.

Vanquished Creatures
  An ogre (D:4)
  2 orc priests
  An orc wizard (D:4)
  A worker ant (D:4)
  4 gnolls (D:2)
  6 adders
  An ooze (D:2)
  An adder skeleton (D:3)
  4 worms
  A dart slug (D:1)
  3 leopard geckos
  8 orcs
  5 bats
  3 goblins
  4 hobgoblins
  A quokka (D:4)
  2 frilled lizards (D:2)
  8 kobolds
  5 rats
61 creatures vanquished.

Notes
Turn   | Place    | Note
-------+----------+-------------------------------------------
     0 | D:1      | Flubber the Octopode Venom Mage began the quest for the Orb.
     0 | D:1      | Reached XP level 1. HP: 11/11 MP: 3/3
   165 | D:1      | Reached XP level 2. HP: 17/17 MP: 1/5
   700 | D:2      | Reached skill level 4 in Poison Magic
   706 | D:2      | Reached XP level 3. HP: 21/21 MP: 0/6
  1205 | D:2      | Reached XP level 4. HP: 18/27 MP: 2/7
  1921 | D:2      | Learned a level 3 spell: Mephitic Cloud
  1972 | D:2      | Reached XP level 5. HP: 28/31 MP: 5/9
  2067 | D:2      | Gained mutation: You are weak. (Str -2) [potion of mutation]
  2067 | D:2      | Gained mutation: Your system is resistant to poisons. (rPois) [potion of mutation]
  2067 | D:2      | Gained mutation: You occasionally shout uncontrollably at your foes. [potion of mutation]
  2067 | D:2      | Gained mutation: Your flesh is cold resistant. (rC+) [potion of mutation]
  2217 | D:4      | Noticed an ogre
  2228 | D:4      | Killed an ogre
  2228 | D:4      | Reached skill level 1 in Air Magic
  2228 | D:4      | Reached skill level 1 in Evocations
  2277 | D:4      | Reached XP level 6. HP: 19/36 MP: 0/10
  2429 | D:4      | Noticed an orc warrior
  2438 | D:4      | HP: 1/36 [orc warrior/halberd (11)]
  2934 | D:3      | Found a shadowy altar of Dithmenos.
  2951 | D:3      | Noticed Flubber's ghost (amateur OpVM)
  2951 | D:3      | Found a shattered altar of Ashenzari.
  3033 | D:4      | Noticed a phantom
  3059 | D:4      | Slain by a phantom

Skill      XL: |  1  2  3  4  5  6 |
---------------+-------------------+-----
Stealth        | 3 |  3.0
Poison Magic   | 4 |  4.2
Dodging        | 3 |  3.0
Conjurations   | 2 3 |  3.3
Spellcasting   | 3 |  3.0
Air Magic      | 2 |  2.4
Evocations     | 2 |  2.9

Action                   |  1- 3 |  4- 6 || total
-------------------------+-------+-------++-------
Melee: Dagger            |    10 |    14 ||    24
       Constrict         |     3 |     9 ||    12
       Unarmed           |     2 |       ||     2
       Tentacles         |     2 |     1 ||     3
       Short sword       |       |    26 ||    26
 Cast: Sting             |    33 |   117 ||   150
       Mephitic Cloud    |       |     1 ||     1
  Use: Scroll            |     5 |     4 ||     9
       Potion            |     1 |     3 ||     4
  Eat: Chunk             |     1 |     6 ||     7
Armor: Skin              |     5 |     6 ||    11
Dodge: Dodged            |     7 |    39 ||    46
